Oilers vs MapleLeafs

Created - Sunday, February 08, 2015 at 00:40

Goals
1 2 3 OT1 SO T
Oilers 0 1 0 0 2 2
MapleLeafs 0 1 0 0 1 1
Shots
1 2 3 OT1 SO T
Oilers 12 4 12 2 5 30
MapleLeafs 2 13 13 4 5 32

1st period

No Goal

Penalties :
Ryan Kesler (Tor) for High sticking (Minor) at 2:48, Brandon Sutter (Tor) for Hooking (Minor) at 7:48

2nd period

1. MapleLeafs , Kyle Palmieri 1 (Dominic Moore) at 15:27
2. Oilers , Nicklas Backstrom 20 (Alexander Semin, Vladimir Sobotka) at 18:26 (PP)

Penalties :
Mikkel Boedker (Edm) for Hooking (Minor) at 2:12, Andrew Ladd (Edm) for Tripping (Minor) at 9:58, Drew Doughty (Tor) for Holding Stick (Minor) at 18:09

3rd period

No Goal

Penalties :
Jarred Tinordi (Tor) for Tripping (Minor) at 7:04, Zack Smith (Tor) for Holding (Minor) at 9:07, Cory Schneider (Tor) for Slashing (Minor) at 11:55 - Dustin Brown served the penalty, Nick Foligno (Tor) for Holding (Minor) at 14:49, David Schlemko (Edm) for Holding (Minor) at 17:38

Overtime #1

No Goal

Penalties :
No Penalty

Shootout

Penalty Shot by David Desharnais for Oilers - Stopped by Cory Schneider
Penalty Shot by Joe Thornton for MapleLeafs - Goal!
Penalty Shot by Nick Bonino for Oilers - Goal!
Penalty Shot by Alexander Steen for MapleLeafs - Stopped by Roberto Luongo
Penalty Shot by Andrew Ladd for Oilers - Shot Misses the Net
Penalty Shot by Ryan Kesler for MapleLeafs - Stopped by Roberto Luongo
Penalty Shot by Nicklas Backstrom for Oilers - Stopped by Cory Schneider
Penalty Shot by Zach Parise for MapleLeafs - Stopped by Roberto Luongo
Penalty Shot by Ales Hemsky for Oilers - Goal!
Penalty Shot by Dustin Brown for MapleLeafs - Shot Misses the Net

Penalties :
No Penalty

Goalie Stats

Roberto Luongo (Edm), 31 saves from 32 shots - (0.969), W, 27-4-4, 65:00 minutes
Cory Schneider (Tor), 29 saves from 30 shots - (0.967), OTL, 29-6-8, 65:00 minutes

Players Stats for Oilers

Player Name              G  A  P  +/- PIM S  H  SB GA TA FO     MP     PP MP  PK MP  
------------------------------------------------------------------------------------
Ales Hemsky              0  0  0   0  0   1  0  0  0  1  0/0    10:02   0:01   0:56 
Alexander Semin          0  1  1  -1  0   9  1  0  4  1  0/1    21:50   6:01   0:00 
Andrej Sekera            0  0  0   0  0   2  0  3  0  1  0/0    26:32   6:09   3:07 
Andrew Ladd              0  0  0   0  2   1  0  0  2  0  1/2    19:56   6:10   2:32 
Andrew MacDonald         0  0  0   0  0   0  0  2  1  1  0/0    21:37   0:00   4:11 
Brayden McNabb           0  0  0  -1  0   1  1  0  0  0  0/0    12:05   0:00   0:00 
Brayden Schenn           0  0  0   0  0   0  0  0  2  0  0/0     7:44   0:00   0:00 
Chris Stewart            0  0  0   0  0   0  0  0  0  0  0/0     0:00   0:00   0:00 
Darren Helm              0  0  0   0  0   0  0  0  2  0  0/0    16:15   0:21   2:54 
David Desharnais         0  0  0  -1  0   1  2  0  3  0  7/14   19:22   6:10   0:12 
David Schlemko           0  0  0  -1  2   0  0  1  1  1  0/0    15:05   0:00   1:46 
Kimmo Timonen            0  0  0   0  0   2  2  6  0  0  0/0    26:23   6:02   2:50 
Mikkel Boedker           0  0  0   0  2   2  1  0  1  0  0/1    18:40   6:10   0:00 
Nick Bonino              0  0  0  -1  0   3  0  0  0  0  2/2    19:28   6:02   1:49 
Nicklas Backstrom        1  0  1   0  0   3  2  1  2  0  7/21   23:59   5:40   0:00 
Scott Hannan             0  0  0   0  0   0  2  1  0  0  0/0    15:04   0:00   0:00 
Shane Doan               0  0  0   0  0   3  3  0  2  0  1/3    18:36   6:00   0:00 
Vladimir Sobotka         0  1  1   0  0   2  1  0  0  1  6/15   21:22   6:09   3:31 

Players Stats for MapleLeafs

Player Name              G  A  P  +/- PIM S  H  SB GA TA FO     MP     PP MP  PK MP  
------------------------------------------------------------------------------------
Alexander Steen          0  0  0   0  0   5  1  0  2  0  0/0    20:27   3:37   1:20 
Brandon Sutter           0  0  0   0  2   0  0  2  1  1  10/18  18:34   2:20   5:48 
Carl Gunnarsson          0  0  0   1  0   1  0  1  1  1  0/0    11:53   0:00   0:00 
Dan Girardi              0  0  0   0  0   1  4  4  1  1  0/0    27:14   3:48   5:44 
Dominic Moore            0  1  1   1  0   0  0  0  0  0  0/0    13:04   0:00   4:00 
Drew Doughty             0  0  0   0  2   3  3  3  3  2  0/0    27:13   3:48   5:44 
Dustin Brown             0  0  0   0  0   1  2  1  1  0  0/0    15:52   2:20   0:00 
Gregory Campbell         0  0  0   0  0   0  1  1  0  0  2/2    16:23   0:00   6:39 
Jarred Tinordi           0  0  0   1  2   1  1  0  0  1  0/0    11:54   0:00   0:00 
Joe Thornton             0  0  0   0  0   4  1  0  4  0  15/24  18:52   3:37   0:00 
Karl Alzner              0  0  0   0  0   2  1  0  0  3  0/0    25:53   2:09   6:27 
Kyle Palmieri            1  0  1   1  0   2  0  0  0  0  0/0     7:47   0:00   0:00 
Lee Stempniak            0  0  0   0  0   3  2  1  1  0  1/1     9:40   0:00   0:00 
Marc-Edouard Vlasic      0  0  0   0  0   2  1  0  1  0  0/0    25:53   2:09   6:27 
Nick Foligno             0  0  0   0  2   0  3  0  0  0  0/3    14:54   0:00   3:31 
Ryan Kesler              0  0  0   0  2   3  0  0  1  0  3/6    14:39   3:37   0:00 
Zach Parise              0  0  0   0  0   2  0  0  0  0  0/0    14:16   2:20   0:00 
Zack Smith               0  0  0   1  2   2  2  0  2  2  4/5    13:15   0:00   3:04 

3 Stars

1 - Roberto Luongo (Edm)
2 - Cory Schneider (Tor)
3 - Nicklas Backstrom (Edm)

Power Play

Oilers - 1 on 7 Attempt(s) - 14.29%
MapleLeafs - 0 on 3 Attempt(s) - 0.00%

Penalty Kill

Oilers - 3 on 3 Attempt(s) - 100.00% - Score 0 goal in Penalty Kill
MapleLeafs - 6 on 7 Attempt(s) - 85.71% - Score 0 goal in Penalty Kill

Team Stat

Oilers - Hits : 15 - Faceoff Wins : 24 - Blocked Shots : 14 - Penalty Minutes : 6
MapleLeafs - Hits : 22 - Faceoff Wins : 35 - Blocked Shots : 13 - Penalty Minutes : 12

Official

Referees : Unknown
Linesman : Unknown

Game Notes

No Game Note

Finance

Level 1 -- Attendance: 6000 (100.00%) -- Ticket Income $510,000
Level 2 -- Attendance: 4609 (92.18%) -- Ticket Income $230,450
Level 3 -- Attendance: 2000 (100.00%) -- Ticket Income $60,000
Level 4 -- Attendance: 3054 (76.35%) -- Ticket Income $61,080
Luxury Box -- Attendance: 753 (75.30%) -- Ticket Income $143,070
Game was played at the Air Canada Centre'
Total Attendance: 16416 (91.20%)
Total Ticket Income: $1,004,600
Other Income: $492,254
Total Income: $1,496,854

Oilers

5 vs 5 Forward 
   Center                   Left Wing                Right Wing               Time % Phy DF OF 
 1 Nicklas Backstrom        Andrew Ladd              Shane Doan               35     0   1  4  
 2 David Desharnais         Nick Bonino              Alexander Semin          35     0   1  4  
 3 Vladimir Sobotka         Darren Helm              Mikkel Boedker           25     0   1  4  
 4 Nicklas Backstrom        Brayden Schenn           Ales Hemsky              5      0   2  3  

5 vs 5 Defense 
   Defense                  Defense                                           Time % Phy DF OF 
 1 Kimmo Timonen            Andrew MacDonald                                  40     1   4  0  
 2 Andrej Sekera            Scott Hannan                                      40     1   4  0  
 3 David Schlemko           Brayden McNabb                                    20     1   4  0  
 4 Kimmo Timonen            Andrew MacDonald                                  0      1   4  0  

PowerPlay Forward 
   Center                   Left Wing                Right Wing               Time % Phy DF OF 
 1 Nicklas Backstrom        Shane Doan               Alexander Semin          55     0   1  4  
 2 David Desharnais         Andrew Ladd              Mikkel Boedker           45     0   1  4  

PowerPlay Defense
   Defense                  Defense                                           Time % Phy DF OF 
 1 Kimmo Timonen            Nick Bonino                                       50     1   2  2  
 2 Andrej Sekera            Vladimir Sobotka                                  50     1   2  2  

Penalty Kill 4 Players Forward 
   Center                   Wing                     Time % Phy DF OF 
 1 Vladimir Sobotka         Andrew Ladd              55     0   4  1  
 2 Nick Bonino              Darren Helm              45     0   4  1  

Penalty Kill 4 Players Defense
   Defense                  Defense                  Time % Phy DF OF 
 1 Kimmo Timonen            Andrew MacDonald         50     1   4  0  
 2 David Schlemko           Andrej Sekera            50     1   4  0  

Penalty Kill - 3 Players Forward 
   Forward                                           Time % Phy DF OF 
 1 Vladimir Sobotka                                  55     0   5  0  
 2 Darren Helm                                       45     0   5  0  

Penalty Kill - 3 Players Defense
   Defense                  Defense                  Time % Phy DF OF 
 1 Kimmo Timonen            Andrew MacDonald         50     1   4  0  
 2 Andrej Sekera            David Schlemko           50     1   4  0  

4 vs 4 Forward 
   Center                   Wing                     Time % Phy DF OF 
 1 Nicklas Backstrom        Alexander Semin          60     0   1  4  
 2 David Desharnais         Mikkel Boedker           40     0   1  4  

4 vs 4 Defense
   Defense                  Defense                  Time % Phy DF OF 
 1 Kimmo Timonen            Andrew MacDonald         50     1   4  0  
 2 Scott Hannan             Andrej Sekera            50     1   4  0  

Last Minutes Offensive
   Center                   Left Wing                Right Wing               Defense                  Defense                  
   Nicklas Backstrom        Shane Doan               Alexander Semin          Kimmo Timonen            Andrej Sekera            

Last Minutes Defensive
   Center                   Left Wing                Right Wing               Defense                  Defense                  
   Vladimir Sobotka         Andrew Ladd              Darren Helm              Kimmo Timonen            Andrew MacDonald         

Goaltenders
Starting : Roberto Luongo           
Backup : Jean-Sebastien Giguere   

Extra Forwards
Normal : Shane Doan, Mikkel Boedker, David Desharnais - PP : Nicklas Backstrom, Alexander Semin - PK : Darren Helm
Extra Defensemen
Normal : Andrej Sekera, Kimmo Timonen, Andrew MacDonald - PP : Andrej Sekera - PK : Andrej Sekera, David Schlemko
Penalty Shots
David Desharnais, Nick Bonino, Andrew Ladd, Nicklas Backstrom, Ales Hemsky

MapleLeafs

5 vs 5 Forward 
   Center                   Left Wing                Right Wing               Time % Phy DF OF 
 1 Joe Thornton             Alexander Steen          Dustin Brown             35     1   2  2  
 2 Ryan Kesler              Zach Parise              Nick Foligno             30     1   2  2  
 3 Brandon Sutter           Gregory Campbell         Lee Stempniak            22     1   2  2  
 4 Zack Smith               Dominic Moore            Kyle Palmieri            13     2   2  1  

5 vs 5 Defense 
   Defense                  Defense                                           Time % Phy DF OF 
 1 Drew Doughty             Dan Girardi                                       40     1   2  2  
 2 Karl Alzner              Marc-Edouard Vlasic                               35     1   2  2  
 3 Carl Gunnarsson          Jarred Tinordi                                    20     1   2  2  
 4 Drew Doughty             Dan Girardi                                       5      1   2  2  

PowerPlay Forward 
   Center                   Left Wing                Right Wing               Time % Phy DF OF 
 1 Joe Thornton             Alexander Steen          Ryan Kesler              60     1   0  4  
 2 Brandon Sutter           Zach Parise              Dustin Brown             40     1   0  4  

PowerPlay Defense
   Defense                  Defense                                           Time % Phy DF OF 
 1 Drew Doughty             Dan Girardi                                       60     1   1  3  
 2 Karl Alzner              Marc-Edouard Vlasic                               40     1   1  3  

Penalty Kill 4 Players Forward 
   Center                   Wing                     Time % Phy DF OF 
 1 Brandon Sutter           Gregory Campbell         60     1   3  1  
 2 Zack Smith               Dominic Moore            40     1   3  1  

Penalty Kill 4 Players Defense
   Defense                  Defense                  Time % Phy DF OF 
 1 Drew Doughty             Dan Girardi              50     1   3  1  
 2 Karl Alzner              Marc-Edouard Vlasic      50     1   3  1  

Penalty Kill - 3 Players Forward 
   Forward                                           Time % Phy DF OF 
 1 Brandon Sutter                                    60     1   4  0  
 2 Dominic Moore                                     40     1   4  0  

Penalty Kill - 3 Players Defense
   Defense                  Defense                  Time % Phy DF OF 
 1 Drew Doughty             Dan Girardi              55     1   4  0  
 2 Karl Alzner              Marc-Edouard Vlasic      45     1   4  0  

4 vs 4 Forward 
   Center                   Wing                     Time % Phy DF OF 
 1 Joe Thornton             Alexander Steen          60     1   1  3  
 2 Ryan Kesler              Zach Parise              40     1   1  3  

4 vs 4 Defense
   Defense                  Defense                  Time % Phy DF OF 
 1 Drew Doughty             Dan Girardi              60     1   2  2  
 2 Karl Alzner              Marc-Edouard Vlasic      40     1   2  2  

Last Minutes Offensive
   Center                   Left Wing                Right Wing               Defense                  Defense                  
   Joe Thornton             Alexander Steen          Ryan Kesler              Drew Doughty             Dan Girardi              

Last Minutes Defensive
   Center                   Left Wing                Right Wing               Defense                  Defense                  
   Joe Thornton             Alexander Steen          Ryan Kesler              Drew Doughty             Dan Girardi              

Goaltenders
Starting : Cory Schneider           
Backup : Ondrej Pavelec           

Extra Forwards
Normal : Lee Stempniak, Zack Smith, Nick Foligno - PP : Lee Stempniak, Zack Smith - PK : Nick Foligno
Extra Defensemen
Normal : Carl Gunnarsson, Jarred Tinordi, Karl Alzner - PP : Carl Gunnarsson - PK : Jarred Tinordi, Karl Alzner
Penalty Shots
Joe Thornton, Alexander Steen, Ryan Kesler, Zach Parise, Dustin Brown

% Time on Ice - Oilers

Lines # - Real PCT - Wanted PCT - Time Play
Normal Forward
1 - 29% - 35% - 12:09
2 - 28% - 35% - 11:36
3 - 25% - 25% - 10:23
4 - 18% - 5% - 7:44
Normal Defense
1 - 35% - 40% - 14:48
2 - 36% - 40% - 14:59
3 - 29% - 20% - 12:05
4 - 0% - 0% - 0:00
PP Forward
1 - 49% - 55% - 6:01
2 - 51% - 45% - 6:10
PP Defense
1 - 50% - 50% - 6:02
2 - 50% - 50% - 6:09
PK Forward
1 - 69% - 55% - 4:08
2 - 31% - 45% - 1:49
PK Defense
1 - 48% - 50% - 2:50
2 - 52% - 50% - 3:07
PK3 Forward
1 - 0% - 55%
2 - 0% - 45%
PK3 Defense
1 - 0% - 50%
2 - 0% - 50%
44 Forward
1 - 100% - 60% - 5:00
2 - 0% - 40% - 0:00
44 Defense
1 - 54% - 50% - 2:43
2 - 46% - 50% - 2:17
Last Minute Offensive  - 0:00
Last Minute Defensive  - 0:00
Total
Forward - 65:00
Defense - 65:00

% Time on Ice - MapleLeafs

Lines # - Real PCT - Wanted PCT - Time Play
Normal Forward
1 - 31% - 35% - 12:54
2 - 30% - 30% - 12:24
3 - 21% - 22% - 8:47
4 - 19% - 13% - 7:47
Normal Defense
1 - 36% - 40% - 15:15
2 - 35% - 35% - 14:41
3 - 28% - 20% - 11:53
4 - 0% - 5% - 0:03
PP Forward
1 - 61% - 60% - 3:37
2 - 39% - 40% - 2:20
PP Defense
1 - 64% - 60% - 3:48
2 - 36% - 40% - 2:09
PK Forward
1 - 69% - 60% - 8:23
2 - 31% - 40% - 3:48
PK Defense
1 - 47% - 50% - 5:44
2 - 53% - 50% - 6:27
PK3 Forward
1 - 0% - 60%
2 - 0% - 40%
PK3 Defense
1 - 0% - 55%
2 - 0% - 45%
44 Forward
1 - 84% - 60% - 4:11
2 - 16% - 40% - 0:49
44 Defense
1 - 48% - 60% - 2:24
2 - 52% - 40% - 2:36
Last Minute Offensive  - 0:00
Last Minute Defensive  - 0:00
Total
Forward - 65:00
Defense - 65:00

Play by Play

1st period


0:01 of 1st period - Nicklas Backstrom wins face-off versus Joe Thornton in neutral zone.
0:09 of 1st period - Slapshot by Drew Doughty.
0:09 of 1st period - Deflect By Joe Thornton.
0:09 of 1st period - Shot Misses the Net.
0:09 of 1st period - Puck is out of play.
0:10 of 1st period - Joe Thornton wins face-off versus Nicklas Backstrom in Oilers zone.
0:23 of 1st period - Slapshot by Alexander Steen.
0:23 of 1st period - Shot Blocked by Kimmo Timonen.
0:31 of 1st period - Snap shot by Shane Doan.
0:31 of 1st period - Shot Blocked by Dustin Brown.
1:23 of 1st period - Snap shot by Ryan Kesler.
1:23 of 1st period - Deflect By Kimmo Timonen.
1:23 of 1st period - Shot Blocked by Kimmo Timonen.
1:23 of 1st period - Puck is out of play.
1:24 of 1st period - Vladimir Sobotka wins face-off versus Brandon Sutter in Oilers zone.
1:24 of 1st period - Vladimir Sobotka is hit by Lee Stempniak.
1:50 of 1st period - Snap shot by Mikkel Boedker.
1:50 of 1st period - Shot Misses the Net.
2:13 of 1st period - Wrist shot by Kyle Palmieri.
2:13 of 1st period - Stopped by Roberto Luongo without a rebound.
2:14 of 1st period - Zack Smith wins face-off versus David Desharnais in Oilers zone.
2:29 of 1st period - Slapshot by Marc-Edouard Vlasic.
2:29 of 1st period - Stopped by Roberto Luongo without a rebound.
2:30 of 1st period - David Desharnais wins face-off versus Ryan Kesler in Oilers zone.
2:45 of 1st period - Snap shot by Alexander Semin.
2:45 of 1st period - Stopped by Cory Schneider without a rebound.
2:46 of 1st period - Ryan Kesler wins face-off versus Nicklas Backstrom in MapleLeafs zone.
2:48 of 1st period - Minor Penalty to Ryan Kesler for High sticking.
2:49 of 1st period - Brandon Sutter wins face-off versus Nicklas Backstrom in MapleLeafs zone.
3:15 of 1st period - Snap shot by Alexander Semin.
3:15 of 1st period - Shot Blocked by Dan Girardi.
3:24 of 1st period - Icing by Alexander Semin.
3:25 of 1st period - Zack Smith wins face-off versus Nicklas Backstrom in Oilers zone.
4:31 of 1st period - Snap shot by Alexander Semin.
4:31 of 1st period - Stopped by Cory Schneider with a rebound.
4:33 of 1st period - Slapshot by Andrej Sekera.
4:33 of 1st period - Shot Blocked by Drew Doughty.
4:35 of 1st period - Slapshot by Vladimir Sobotka.
4:35 of 1st period - Stopped by Cory Schneider without a rebound.
4:36 of 1st period - Brandon Sutter wins face-off versus Alexander Semin in MapleLeafs zone.
4:48 of 1st period - Penalty to Ryan Kesler is over, Ryan Kesler is back on ice.
4:52 of 1st period - Off-side.
4:53 of 1st period - Joe Thornton wins face-off versus David Desharnais in neutral zone.
5:46 of 1st period - Brayden Schenn is hit by Dan Girardi and loses puck.
7:48 of 1st period - Minor Penalty to Brandon Sutter for Hooking.
7:49 of 1st period - David Desharnais wins face-off versus Nick Foligno in MapleLeafs zone.
8:07 of 1st period - Slapshot by Vladimir Sobotka.
8:07 of 1st period - Shot Misses the Net.
8:25 of 1st period - Marc-Edouard Vlasic is hit by Shane Doan and loses puck.
8:52 of 1st period - Nick Bonino is hit by Nick Foligno and loses puck.
9:48 of 1st period - Penalty to Brandon Sutter is over, Brandon Sutter is back on ice.
10:11 of 1st period - Snap shot by Brayden Schenn.
10:11 of 1st period - Shot Blocked by Drew Doughty.
10:21 of 1st period - Wrist shot by Mikkel Boedker.
10:21 of 1st period - Stopped by Cory Schneider with a rebound.
10:23 of 1st period - Snap shot by Andrej Sekera.
10:23 of 1st period - Shot Misses the Net.
10:25 of 1st period - Snap shot by Andrej Sekera.
10:25 of 1st period - Stopped by Cory Schneider with a rebound.
10:27 of 1st period - Slapshot by Scott Hannan.
10:27 of 1st period - Deflect By Mikkel Boedker.
10:27 of 1st period - Stopped by Cory Schneider without a rebound.
10:28 of 1st period - Joe Thornton wins face-off versus Vladimir Sobotka in MapleLeafs zone.
10:28 of 1st period - Joe Thornton is hit by Vladimir Sobotka.
11:31 of 1st period - David Schlemko is hit by Zack Smith and loses puck.
11:48 of 1st period - Slapshot by Kyle Palmieri.
11:48 of 1st period - Shot Misses the Net.
12:06 of 1st period - Snap shot by Ales Hemsky.
12:06 of 1st period - Shot Misses the Net.
12:08 of 1st period - Snap shot by Kimmo Timonen.
12:08 of 1st period - Stopped by Cory Schneider with a rebound.
12:42 of 1st period - Snap shot by Mikkel Boedker.
12:42 of 1st period - Shot Misses the Net.
13:57 of 1st period - Off-side.
13:58 of 1st period - Brandon Sutter wins face-off versus David Desharnais in neutral zone.
15:13 of 1st period - Snap shot by Nicklas Backstrom.
15:13 of 1st period - Shot Misses the Net.
15:19 of 1st period - Wrist shot by Shane Doan.
15:19 of 1st period - Shot Misses the Net.
15:21 of 1st period - Slapshot by Andrej Sekera.
15:21 of 1st period - Stopped by Cory Schneider without a rebound.
15:22 of 1st period - Brandon Sutter wins face-off versus Nicklas Backstrom in MapleLeafs zone.
16:02 of 1st period - Wrist shot by Zach Parise.
16:02 of 1st period - Shot Misses the Net.
16:18 of 1st period - Snap shot by Alexander Semin.
16:18 of 1st period - Shot Misses the Net.
16:20 of 1st period - Slapshot by Kimmo Timonen.
16:20 of 1st period - Stopped by Cory Schneider with a rebound.
16:22 of 1st period - Snap shot by Alexander Semin.
16:22 of 1st period - Shot Blocked by Carl Gunnarsson.
16:24 of 1st period - Backhand shot by Nick Bonino.
16:24 of 1st period - Stopped by Cory Schneider with a rebound.
16:26 of 1st period - Slapshot by Nick Bonino.
16:26 of 1st period - Shot Misses the Net.
16:28 of 1st period - Wrist shot by Nick Bonino.
16:28 of 1st period - Stopped by Cory Schneider with a rebound.
17:12 of 1st period - Off-side.
17:13 of 1st period - Gregory Campbell wins face-off versus Vladimir Sobotka in neutral zone.
17:34 of 1st period - Snap shot by Lee Stempniak.
17:34 of 1st period - Shot Misses the Net.
18:04 of 1st period - Wrist shot by Kyle Palmieri.
18:04 of 1st period - Deflect By Zack Smith.
18:04 of 1st period - Shot Misses the Net.
18:04 of 1st period - Puck is out of play.
18:05 of 1st period - Nicklas Backstrom wins face-off versus Zack Smith in Oilers zone.
19:14 of 1st period - Andrew MacDonald is hit by Dustin Brown and loses puck.
19:46 of 1st period - Snap shot by Shane Doan.
19:46 of 1st period - Stopped by Cory Schneider with a rebound.
Goals for this period are 0 for Oilers vs 0 for MapleLeafs.
Shots for this period are 12 for Oilers vs 2 for MapleLeafs.

2nd period


0:01 of 2nd period - Ryan Kesler wins face-off versus Shane Doan in neutral zone.
0:04 of 2nd period - Slapshot by Drew Doughty.
0:04 of 2nd period - Stopped by Roberto Luongo with a rebound.
0:53 of 2nd period - Andrej Sekera is hit by Alexander Steen and loses puck.
1:08 of 2nd period - Snap shot by Dustin Brown.
1:08 of 2nd period - Shot Misses the Net.
1:12 of 2nd period - Backhand shot by Joe Thornton.
1:12 of 2nd period - Stopped by Roberto Luongo with a rebound.
1:14 of 2nd period - Wrist shot by Karl Alzner.
1:14 of 2nd period - Shot Misses the Net.
1:16 of 2nd period - Slapshot by Karl Alzner.
1:16 of 2nd period - Stopped by Roberto Luongo with a rebound.
1:18 of 2nd period - Snap shot by Marc-Edouard Vlasic.
1:18 of 2nd period - Stopped by Roberto Luongo with a rebound.
1:20 of 2nd period - Wrist shot by Alexander Steen.
1:20 of 2nd period - Stopped by Roberto Luongo with a rebound.
1:56 of 2nd period - Slapshot by Brandon Sutter.
1:56 of 2nd period - Shot Blocked by Kimmo Timonen.
2:06 of 2nd period - Snap shot by Brandon Sutter.
2:06 of 2nd period - Deflect By Lee Stempniak.
2:06 of 2nd period - Stopped by Roberto Luongo with a rebound.
2:12 of 2nd period - Minor Penalty to Mikkel Boedker for Hooking.
2:13 of 2nd period - Vladimir Sobotka wins face-off versus Joe Thornton in Oilers zone.
3:15 of 2nd period - Andrej Sekera is hit by Dan Girardi and loses puck.
3:40 of 2nd period - Wrist shot by Joe Thornton.
3:40 of 2nd period - Stopped by Roberto Luongo without a rebound.
3:41 of 2nd period - Joe Thornton wins face-off versus Vladimir Sobotka in Oilers zone.
3:46 of 2nd period - Slapshot by Joe Thornton.
3:46 of 2nd period - Shot Misses the Net.
3:48 of 2nd period - Slapshot by Joe Thornton.
3:48 of 2nd period - Shot Blocked by Andrej Sekera.
3:50 of 2nd period - Wrist shot by Ryan Kesler.
3:50 of 2nd period - Deflect By Joe Thornton.
3:50 of 2nd period - Shot Misses the Net.
3:50 of 2nd period - Puck is out of play.
3:51 of 2nd period - Vladimir Sobotka wins face-off versus Joe Thornton in Oilers zone.
4:12 of 2nd period - Penalty to Mikkel Boedker is over, Mikkel Boedker is back on ice.
4:26 of 2nd period - Snap shot by Dustin Brown.
4:26 of 2nd period - Shot Blocked by Andrej Sekera.
4:32 of 2nd period - Karl Alzner is hit by David Desharnais and loses puck.
5:06 of 2nd period - Slapshot by Nicklas Backstrom.
5:06 of 2nd period - Shot Misses the Net.
7:46 of 2nd period - Off-side.
7:47 of 2nd period - Zack Smith wins face-off versus Nicklas Backstrom in neutral zone.
8:38 of 2nd period - Wrist shot by Lee Stempniak.
8:38 of 2nd period - Stopped by Roberto Luongo with a rebound.
9:42 of 2nd period - Scott Hannan is hit by Dustin Brown and loses puck.
9:52 of 2nd period - Wrist shot by Alexander Steen.
9:52 of 2nd period - Stopped by Roberto Luongo with a rebound.
9:58 of 2nd period - Minor Penalty to Andrew Ladd for Tripping.
9:59 of 2nd period - Vladimir Sobotka wins face-off versus Joe Thornton in Oilers zone.
11:58 of 2nd period - Penalty to Andrew Ladd is over, Andrew Ladd is back on ice.
12:19 of 2nd period - Snap shot by Zack Smith.
12:19 of 2nd period - Stopped by Roberto Luongo with a rebound.
13:01 of 2nd period - Andrew Ladd is hit by Lee Stempniak and loses puck.
13:19 of 2nd period - Andrew Ladd is hit by Karl Alzner.
14:05 of 2nd period - Karl Alzner is hit by Mikkel Boedker and loses puck.
14:43 of 2nd period - Andrew Ladd is hit by Drew Doughty and loses puck.
14:58 of 2nd period - Nick Bonino is hit by Nick Foligno and loses puck.
15:23 of 2nd period - Snap shot by Kyle Palmieri.
15:23 of 2nd period - Shot Misses the Net.
15:25 of 2nd period - Snap shot by Kyle Palmieri.
15:25 of 2nd period - Shot Blocked by David Schlemko.
15:27 of 2nd period - Wrist shot by Kyle Palmieri.
15:27 of 2nd period - Goal by Kyle Palmieri - Oilers : 0 - MapleLeafs : 1.
15:28 of 2nd period - Joe Thornton wins face-off versus Vladimir Sobotka in neutral zone.
15:36 of 2nd period - Off-side.
15:37 of 2nd period - Vladimir Sobotka wins face-off versus Joe Thornton in neutral zone.
15:42 of 2nd period - Wrist shot by Mikkel Boedker.
15:42 of 2nd period - Shot Misses the Net.
15:44 of 2nd period - Wrist shot by Scott Hannan.
15:44 of 2nd period - Shot Misses the Net.
16:11 of 2nd period - Jarred Tinordi is hit by Nicklas Backstrom and loses puck.
16:28 of 2nd period - Wrist shot by Zach Parise.
16:28 of 2nd period - Stopped by Roberto Luongo without a rebound.
16:29 of 2nd period - Zack Smith wins face-off versus Nicklas Backstrom in Oilers zone.
17:00 of 2nd period - Wrist shot by Kyle Palmieri.
17:00 of 2nd period - Deflect By Zack Smith.
17:00 of 2nd period - Stopped by Roberto Luongo without a rebound.
17:01 of 2nd period - David Desharnais wins face-off versus Brandon Sutter in Oilers zone.
17:56 of 2nd period - Vladimir Sobotka is hit by Drew Doughty.
18:09 of 2nd period - Minor Penalty to Drew Doughty for Holding Stick.
18:10 of 2nd period - Nicklas Backstrom wins face-off versus Brandon Sutter in MapleLeafs zone.
18:12 of 2nd period - Snap shot by Alexander Semin.
18:12 of 2nd period - Stopped by Cory Schneider without a rebound.
18:13 of 2nd period - Shane Doan wins face-off versus Brandon Sutter in MapleLeafs zone.
18:26 of 2nd period - Snap shot by Alexander Semin.
18:26 of 2nd period - Deflect By Nicklas Backstrom.
18:26 of 2nd period - Goal by Nicklas Backstrom - Oilers : 1 - MapleLeafs : 1.
18:27 of 2nd period - Joe Thornton wins face-off versus Vladimir Sobotka in neutral zone.
19:34 of 2nd period - Ryan Kesler is hit by Shane Doan and loses puck.
19:39 of 2nd period - Snap shot by Nicklas Backstrom.
19:39 of 2nd period - Deflect By Shane Doan.
19:39 of 2nd period - Shot Misses the Net.
19:39 of 2nd period - Puck is out of play.
19:40 of 2nd period - Nick Bonino wins face-off versus Brandon Sutter in MapleLeafs zone.
19:45 of 2nd period - Slapshot by David Desharnais.
19:45 of 2nd period - Stopped by Cory Schneider with a rebound.
19:47 of 2nd period - Slapshot by Scott Hannan.
19:47 of 2nd period - Shot Blocked by Lee Stempniak.
19:49 of 2nd period - Slapshot by Andrej Sekera.
19:49 of 2nd period - Shot Blocked by Gregory Campbell.
19:51 of 2nd period - Slapshot by Andrej Sekera.
19:51 of 2nd period - Deflect By Nick Bonino.
19:51 of 2nd period - Stopped by Cory Schneider without a rebound.
19:52 of 2nd period - Brandon Sutter wins face-off versus David Desharnais in MapleLeafs zone.
Goals for this period are 1 for Oilers vs 1 for MapleLeafs.
Shots for this period are 4 for Oilers vs 13 for MapleLeafs.

3rd period


0:01 of 3rd period - Nicklas Backstrom wins face-off versus Joe Thornton in neutral zone.
0:17 of 3rd period - Snap shot by Nicklas Backstrom.
0:17 of 3rd period - Stopped by Cory Schneider with a rebound.
0:19 of 3rd period - Snap shot by Shane Doan.
0:19 of 3rd period - Stopped by Cory Schneider without a rebound.
0:20 of 3rd period - Joe Thornton wins face-off versus Nicklas Backstrom in MapleLeafs zone.
1:10 of 3rd period - Slapshot by Zach Parise.
1:10 of 3rd period - Stopped by Roberto Luongo with a rebound.
1:14 of 3rd period - Wrist shot by Ryan Kesler.
1:14 of 3rd period - Shot Blocked by Andrew MacDonald.
1:16 of 3rd period - Slapshot by Marc-Edouard Vlasic.
1:16 of 3rd period - Deflect By Zach Parise.
1:16 of 3rd period - Shot Blocked by Kimmo Timonen.
1:16 of 3rd period - Puck is out of play.
1:17 of 3rd period - Vladimir Sobotka wins face-off versus Ryan Kesler in Oilers zone.
1:30 of 3rd period - Wrist shot by Vladimir Sobotka.
1:30 of 3rd period - Stopped by Cory Schneider with a rebound.
2:23 of 3rd period - David Schlemko is hit by Gregory Campbell and loses puck.
2:32 of 3rd period - Dan Girardi is hit by Alexander Semin and loses puck.
3:01 of 3rd period - Slapshot by Andrew Ladd.
3:01 of 3rd period - Stopped by Cory Schneider with a rebound.
3:03 of 3rd period - Snap shot by Andrew Ladd.
3:03 of 3rd period - Deflect By Shane Doan.
3:03 of 3rd period - Stopped by Cory Schneider without a rebound.
3:04 of 3rd period - Joe Thornton wins face-off versus Nicklas Backstrom in MapleLeafs zone.
3:17 of 3rd period - Snap shot by Joe Thornton.
3:17 of 3rd period - Stopped by Roberto Luongo with a rebound.
3:19 of 3rd period - Slapshot by Jarred Tinordi.
3:19 of 3rd period - Stopped by Roberto Luongo with a rebound.
3:21 of 3rd period - Slapshot by Carl Gunnarsson.
3:21 of 3rd period - Stopped by Roberto Luongo with a rebound.
3:23 of 3rd period - Slapshot by Carl Gunnarsson.
3:23 of 3rd period - Shot Blocked by Nicklas Backstrom.
3:27 of 3rd period - Snap shot by Dustin Brown.
3:27 of 3rd period - Stopped by Roberto Luongo with a rebound.
3:29 of 3rd period - Snap shot by Alexander Steen.
3:29 of 3rd period - Stopped by Roberto Luongo without a rebound.
3:30 of 3rd period - Ryan Kesler wins face-off versus Mikkel Boedker in Oilers zone.
3:37 of 3rd period - Snap shot by Ryan Kesler.
3:37 of 3rd period - Shot Misses the Net.
4:30 of 3rd period - Kimmo Timonen is hit by Drew Doughty and loses puck.
4:37 of 3rd period - Andrew MacDonald is hit by Joe Thornton and loses puck.
4:52 of 3rd period - Marc-Edouard Vlasic is hit by David Desharnais and loses puck.
5:37 of 3rd period - Zack Smith is hit by Nicklas Backstrom and loses puck.
6:09 of 3rd period - Ales Hemsky is hit by Jarred Tinordi and loses puck.
6:41 of 3rd period - Jarred Tinordi is hit by Scott Hannan.
6:49 of 3rd period - Carl Gunnarsson is hit by Scott Hannan and loses puck.
6:57 of 3rd period - Icing by Zach Parise.
6:58 of 3rd period - David Desharnais wins face-off versus Nick Foligno in MapleLeafs zone.
7:04 of 3rd period - Minor Penalty to Jarred Tinordi for Tripping.
7:05 of 3rd period - David Desharnais wins face-off versus Brandon Sutter in MapleLeafs zone.
7:31 of 3rd period - Snap shot by Brandon Sutter.
7:31 of 3rd period - Shot Blocked by Kimmo Timonen.
7:33 of 3rd period - Snap shot by Dan Girardi.
7:33 of 3rd period - Shot Misses the Net.
7:53 of 3rd period - Slapshot by Drew Doughty.
7:53 of 3rd period - Stopped by Roberto Luongo with a rebound.
7:55 of 3rd period - Snap shot by Drew Doughty.
7:55 of 3rd period - Shot Misses the Net.
7:57 of 3rd period - Wrist shot by Dan Girardi.
7:57 of 3rd period - Shot Blocked by Kimmo Timonen.
8:56 of 3rd period - Snap shot by Alexander Semin.
8:56 of 3rd period - Stopped by Cory Schneider without a rebound.
8:57 of 3rd period - Brandon Sutter wins face-off versus Nicklas Backstrom in MapleLeafs zone.
9:04 of 3rd period - Penalty to Jarred Tinordi is over, Jarred Tinordi is back on ice.
9:07 of 3rd period - Minor Penalty to Zack Smith for Holding.
9:08 of 3rd period - Gregory Campbell wins face-off versus David Desharnais in MapleLeafs zone.
9:43 of 3rd period - Wrist shot by Nicklas Backstrom.
9:43 of 3rd period - Shot Blocked by Dan Girardi.
9:45 of 3rd period - Slapshot by Alexander Semin.
9:45 of 3rd period - Shot Misses the Net.
9:47 of 3rd period - Snap shot by Shane Doan.
9:47 of 3rd period - Shot Blocked by Dan Girardi.
9:49 of 3rd period - Wrist shot by Nicklas Backstrom.
9:49 of 3rd period - Stopped by Cory Schneider with a rebound.
10:05 of 3rd period - Kimmo Timonen is hit by Dan Girardi and loses puck.
10:32 of 3rd period - Snap shot by Alexander Semin.
10:32 of 3rd period - Stopped by Cory Schneider with a rebound.
10:34 of 3rd period - Slapshot by Kimmo Timonen.
10:34 of 3rd period - Shot Blocked by Drew Doughty.
10:50 of 3rd period - Snap shot by Mikkel Boedker.
10:50 of 3rd period - Shot Misses the Net.
10:52 of 3rd period - Slapshot by Andrej Sekera.
10:52 of 3rd period - Shot Misses the Net.
11:07 of 3rd period - Penalty to Zack Smith is over, Zack Smith is back on ice.
11:53 of 3rd period - Slapshot by Darren Helm.
11:53 of 3rd period - Shot Misses the Net.
11:55 of 3rd period - Slapshot by Brayden McNabb.
11:55 of 3rd period - Stopped by Cory Schneider without a rebound.
11:55 of 3rd period - Minor Penalty to Cory Schneider for Slashing.
11:56 of 3rd period - Brandon Sutter wins face-off versus Andrew Ladd in MapleLeafs zone.
12:04 of 3rd period - Off-side.
12:05 of 3rd period - David Desharnais wins face-off versus Nick Foligno in neutral zone.
12:12 of 3rd period - Wrist shot by David Desharnais.
12:12 of 3rd period - Shot Blocked by Dan Girardi.
12:26 of 3rd period - Andrej Sekera is hit by Nick Foligno and loses puck.
13:47 of 3rd period - Snap shot by Andrew Ladd.
13:47 of 3rd period - Shot Misses the Net.
13:55 of 3rd period - Penalty to Dustin Brown is over, Dustin Brown is back on ice.
13:57 of 3rd period - Dominic Moore is hit by Kimmo Timonen.
14:01 of 3rd period - Zack Smith is hit by Brayden McNabb and loses puck.
14:08 of 3rd period - Brayden McNabb is hit by Dan Girardi and loses puck.
14:25 of 3rd period - Zack Smith is hit by Shane Doan and loses puck.
14:49 of 3rd period - Minor Penalty to Nick Foligno for Holding.
14:50 of 3rd period - Brandon Sutter wins face-off versus David Desharnais in MapleLeafs zone.
15:00 of 3rd period - Off-side.
15:01 of 3rd period - Brandon Sutter wins face-off versus David Desharnais in neutral zone.
15:06 of 3rd period - Slapshot by Karl Alzner.
15:06 of 3rd period - Stopped by Roberto Luongo without a rebound.
15:07 of 3rd period - David Desharnais wins face-off versus Brandon Sutter in Oilers zone.
15:23 of 3rd period - Snap shot by Alexander Semin.
15:23 of 3rd period - Stopped by Cory Schneider with a rebound.
15:25 of 3rd period - Wrist shot by Shane Doan.
15:25 of 3rd period - Shot Misses the Net.
15:27 of 3rd period - Snap shot by Andrej Sekera.
15:27 of 3rd period - Shot Misses the Net.
15:29 of 3rd period - Slapshot by Vladimir Sobotka.
15:29 of 3rd period - Shot Blocked by Brandon Sutter.
16:49 of 3rd period - Penalty to Nick Foligno is over, Nick Foligno is back on ice.
16:54 of 3rd period - Slapshot by Alexander Semin.
16:54 of 3rd period - Shot Misses the Net.
17:04 of 3rd period - Slapshot by Alexander Semin.
17:04 of 3rd period - Stopped by Cory Schneider with a rebound.
17:21 of 3rd period - Snap shot by Vladimir Sobotka.
17:21 of 3rd period - Shot Misses the Net.
17:23 of 3rd period - Snap shot by Ales Hemsky.
17:23 of 3rd period - Stopped by Cory Schneider without a rebound.
17:24 of 3rd period - Joe Thornton wins face-off versus Vladimir Sobotka in MapleLeafs zone.
17:29 of 3rd period - Slapshot by Drew Doughty.
17:29 of 3rd period - Stopped by Roberto Luongo without a rebound.
17:30 of 3rd period - Joe Thornton wins face-off versus Vladimir Sobotka in Oilers zone.
17:38 of 3rd period - Minor Penalty to David Schlemko for Holding.
17:39 of 3rd period - Joe Thornton wins face-off versus Vladimir Sobotka in Oilers zone.
17:41 of 3rd period - Snap shot by Ryan Kesler.
17:41 of 3rd period - Stopped by Roberto Luongo with a rebound.
18:04 of 3rd period - Snap shot by Ryan Kesler.
18:04 of 3rd period - Stopped by Roberto Luongo without a rebound.
18:05 of 3rd period - Brandon Sutter wins face-off versus Vladimir Sobotka in Oilers zone.
18:42 of 3rd period - Off-side.
18:43 of 3rd period - Nick Bonino wins face-off versus Joe Thornton in neutral zone.
18:53 of 3rd period - Wrist shot by Joe Thornton.
18:53 of 3rd period - Shot Misses the Net.
18:55 of 3rd period - Slapshot by Dan Girardi.
18:55 of 3rd period - Stopped by Roberto Luongo with a rebound.
18:57 of 3rd period - Snap shot by Ryan Kesler.
18:57 of 3rd period - Stopped by Roberto Luongo with a rebound.
18:59 of 3rd period - Snap shot by Ryan Kesler.
18:59 of 3rd period - Shot Misses the Net.
19:01 of 3rd period - Slapshot by Dan Girardi.
19:01 of 3rd period - Shot Blocked by Andrew MacDonald.
19:21 of 3rd period - Off-side.
19:22 of 3rd period - Andrew Ladd wins face-off versus Brandon Sutter in neutral zone.
19:25 of 3rd period - Slapshot by Andrej Sekera.
19:25 of 3rd period - Shot Blocked by Brandon Sutter.
19:38 of 3rd period - Penalty to David Schlemko is over, David Schlemko is back on ice.
Goals for this period are 0 for Oilers vs 0 for MapleLeafs.
Shots for this period are 12 for Oilers vs 13 for MapleLeafs.

Overtime #1


0:01 of 1st overtime period - Joe Thornton wins face-off versus Nicklas Backstrom in neutral zone.
0:18 of 1st overtime period - Slapshot by Alexander Semin.
0:18 of 1st overtime period - Shot Misses the Net.
0:35 of 1st overtime period - Wrist shot by Joe Thornton.
0:35 of 1st overtime period - Stopped by Roberto Luongo without a rebound.
0:36 of 1st overtime period - Joe Thornton wins face-off versus Nicklas Backstrom in Oilers zone.
0:37 of 1st overtime period - Snap shot by Alexander Steen.
0:37 of 1st overtime period - Shot Blocked by Scott Hannan.
0:47 of 1st overtime period - Slapshot by Nicklas Backstrom.
0:47 of 1st overtime period - Shot Misses the Net.
0:49 of 1st overtime period - Slapshot by Alexander Semin.
0:49 of 1st overtime period - Stopped by Cory Schneider without a rebound.
0:50 of 1st overtime period - Nicklas Backstrom wins face-off versus Joe Thornton in MapleLeafs zone.
1:07 of 1st overtime period - Andrej Sekera is hit by Marc-Edouard Vlasic and loses puck.
1:20 of 1st overtime period - Snap shot by Alexander Semin.
1:20 of 1st overtime period - Shot Misses the Net.
1:59 of 1st overtime period - Off-side.
2:00 of 1st overtime period - Lee Stempniak wins face-off versus Shane Doan in neutral zone.
2:13 of 1st overtime period - Wrist shot by Lee Stempniak.
2:13 of 1st overtime period - Stopped by Roberto Luongo without a rebound.
2:14 of 1st overtime period - Joe Thornton wins face-off versus Nicklas Backstrom in Oilers zone.
2:17 of 1st overtime period - Slapshot by Alexander Steen.
2:17 of 1st overtime period - Stopped by Roberto Luongo with a rebound.
2:19 of 1st overtime period - Snap shot by Alexander Steen.
2:19 of 1st overtime period - Stopped by Roberto Luongo without a rebound.
2:20 of 1st overtime period - Nicklas Backstrom wins face-off versus Joe Thornton in Oilers zone.
2:31 of 1st overtime period - Slapshot by Alexander Semin.
2:31 of 1st overtime period - Deflect By Dan Girardi.
2:31 of 1st overtime period - Shot Misses the Net.
2:31 of 1st overtime period - Puck is out of play.
2:32 of 1st overtime period - Joe Thornton wins face-off versus Nicklas Backstrom in MapleLeafs zone.
2:43 of 1st overtime period - Dan Girardi is hit by Kimmo Timonen and loses puck.
3:46 of 1st overtime period - Snap shot by Alexander Semin.
3:46 of 1st overtime period - Stopped by Cory Schneider without a rebound.
3:47 of 1st overtime period - Nicklas Backstrom wins face-off versus Ryan Kesler in MapleLeafs zone.
4:12 of 1st overtime period - Snap shot by Ryan Kesler.
4:12 of 1st overtime period - Shot Blocked by Andrej Sekera.
4:59 of 1st overtime period - Nicklas Backstrom is hit by Zack Smith and loses puck.
Goals for this period are 0 for Oilers vs 0 for MapleLeafs.
Shots for this period are 2 for Oilers vs 4 for MapleLeafs.

ShootOut


5:00 of 1st overtime period - Penalty Shot by David Desharnais for Oilers.
5:00 of 1st overtime period - Backhand shot by David Desharnais.
5:00 of 1st overtime period - Stopped by Cory Schneider.
5:00 of 1st overtime period - Penalty Shot by Joe Thornton for MapleLeafs.
5:00 of 1st overtime period - Wrist shot by Joe Thornton.
5:00 of 1st overtime period - Goal by Joe Thornton.
5:00 of 1st overtime period - Penalty Shot by Nick Bonino for Oilers.
5:00 of 1st overtime period - Deke by Nick Bonino.
5:00 of 1st overtime period - Goal by Nick Bonino.
5:00 of 1st overtime period - Penalty Shot by Alexander Steen for MapleLeafs.
5:00 of 1st overtime period - Wrist shot by Alexander Steen.
5:00 of 1st overtime period - Stopped by Roberto Luongo.
5:00 of 1st overtime period - Penalty Shot by Andrew Ladd for Oilers.
5:00 of 1st overtime period - Snap shot by Andrew Ladd.
5:00 of 1st overtime period - Shot Misses the Net.
5:00 of 1st overtime period - Penalty Shot by Ryan Kesler for MapleLeafs.
5:00 of 1st overtime period - Backhand shot by Ryan Kesler.
5:00 of 1st overtime period - Stopped by Roberto Luongo.
5:00 of 1st overtime period - Penalty Shot by Nicklas Backstrom for Oilers.
5:00 of 1st overtime period - Deke by Nicklas Backstrom.
5:00 of 1st overtime period - Stopped by Cory Schneider.
5:00 of 1st overtime period - Penalty Shot by Zach Parise for MapleLeafs.
5:00 of 1st overtime period - Deke by Zach Parise.
5:00 of 1st overtime period - Stopped by Roberto Luongo.
5:00 of 1st overtime period - Penalty Shot by Ales Hemsky for Oilers.
5:00 of 1st overtime period - Wrist shot by Ales Hemsky.
5:00 of 1st overtime period - Goal by Ales Hemsky.
5:00 of 1st overtime period - Penalty Shot by Dustin Brown for MapleLeafs.
5:00 of 1st overtime period - Snap shot by Dustin Brown.
5:00 of 1st overtime period - Shot Misses the Net.


Output by the SimonT Hockey Simulator (STHS) for Eric Dolegowski -- Original Page W3C XHTML 1.0 Valid
Hockey Simulator - Hockey Simulation - Hockey Manager